 Dungeon Crawl Stone Soup version 0.28.0-62-gf88900778d (webtiles) character file.

Game seed: 403003405338418719

341 cbfl8 the Chopper (level 6, 0/53 HPs)
             Began as a Minotaur Fighter on July 8, 2023.
             Engulfed by a steam dragon's steam (1 damage)
             ... on level 4 of the Dungeon.
             The game lasted 00:02:33 (3294 turns).

cbfl8 the Chopper (Minotaur Fighter)                Turns: 3294, Time: 00:02:33

Health: 0/53       AC: 13    Str: 21    XL:     6   Next: 30%
Magic:  5/5        EV:  7    Int:  5    God:
Gold:   107        SH:  4    Dex: 11    Spells: 5/5 levels left

rFire   . . .      SeeInvis .   a - +0 war axe
rCold   . . .      Faith    .   c - +0 buckler
rNeg    . . .      Spirit   .   k - +0 chain mail
rPois   .          Reflect  .   (helmet restricted)
rElec   .          Harm     .   (no cloak)
rCorr   .          Rampage  .   (no gloves)
Will    .....                   (no boots)
Stlth   ..........              (no amulet)
HPRegen 0.17/turn               g - +4 ring of protection
MPRegen 0.09/turn               (no ring)

@: no status effects
A: horns 2, retaliatory headbutt
a: no special abilities


You were on level 4 of the Dungeon.
You visited 1 branch of the dungeon, and saw 4 of its levels.

You collected 172 gold pieces.
You spent 65 gold pieces at shops.

Inventory:

Hand Weapons
 a - a +0 war axe (weapon)
Armour
 c - a +0 buckler (worn)
 k - a +0 chain mail (worn)
Jewellery
 b - a ring of positive energy
 g - a +4 ring of protection (left hand)
Scrolls
 e - a scroll of enchant weapon
 j - 2 scrolls of teleportation
 n - 2 scrolls of enchant armour
 o - a scroll of immolation {unknown}
Potions
 h - 2 potions of resistance {unknown}
 i - 2 potions of curing {unknown}
 l - 2 potions of haste {unknown}
 m - 3 potions of degeneration {unknown}
 p - a potion of brilliance {unknown}


   Skills:
 + Level 4.4 Fighting
 + Level 4.8 Axes
 * Level 2.0 Throwing
 + Level 4.6 Armour
 + Level 1.1 Dodging
 + Level 0.5 Stealth
 + Level 4.1 Shields
 * Level 2.2 Evocations


You had 5 spell levels left.
You didn't know any spells.
Your spell library was empty.

Dungeon Overview and Level Annotations

Branches:
Dungeon (4/15)             Temple (0/1) D:4

Altars:

Shops:
D:1 *


Innate Abilities, Weirdness & Mutations

You have a pair of horns on your head.
You reflexively headbutt those who attack you in melee.


Message History

You barely miss the steam dragon.
The steam dragon is moderately wounded.
You are engulfed in a cloud of scalding steam.
The steam dragon bites you. You block the steam dragon's attack.
The steam dragon bites you.
The steam dragon claws you but does no damage.
Unknown command.
You hit the steam dragon but do no damage.
The steam dragon is moderately wounded.
The steam dragon closely misses you.
The steam dragon claws you but does no damage.
Unknown command.
You slash the steam dragon!
The steam dragon is almost dead.
The steam dragon breathes steam at you. The ball of steam hits you.
Unknown command.
You hit the steam dragon. Your headbutt misses the steam dragon.
The steam dragon is almost dead.
You are engulfed in a cloud of scalding steam.
The steam dragon bites you!
* * * LOW HITPOINT WARNING * * *
The steam dragon completely misses you.
Unknown command.
Unknown command.
You are too injured to fight recklessly!
Unknown command.
You barely miss the steam dragon.
The steam dragon is almost dead.
You are engulfed in a cloud of scalding steam.
The steam dragon breathes steam at you. The ball of steam hits you!
* * * LOW HITPOINT WARNING * * *
The steam dragon bites you.
* * * LOW HITPOINT WARNING * * *
The steam dragon claws you.
* * * LOW HITPOINT WARNING * * *
You hear a shout!
You are engulfed in a cloud of scalding steam.
You die...

# ### .# ..#..#
..... ##D.#
########§†.#
#......@#.##
#.########.#
#.#.....# ##
#####.#.....#
#.....#......#
#.#####....#.#
#..# #....# .
#####.####....#
#.............'


You could see a steam dragon (catching breath).

Vanquished Creatures
  An ogre (D:4)
  A kobold brigand (D:3)
  A jelly (D:4)
  An iguana (D:4)
  3 adders (D:3)
  2 worms (D:2)
  A dart slug (D:1)
  An orc (D:3)
  11 bats
  2 endoplasms
  2 giant cockroaches
  6 goblins
  6 hobgoblins
  17 jackals
  15 kobolds
  4 quokkas
  5 ball pythons
  5 frilled lizards
  6 rats
90 creatures vanquished.

Vanquished Creatures (others)
  A giant cockroach (D:4)
1 creature vanquished.

Grand Total: 91 creatures vanquished

Notes
Turn   | Place    | Note
-------+----------+-------------------------------------------
     0 | D:1      | cbfl8 the Minotaur Fighter began the quest for the Orb.
     0 | D:1      | Reached XP level 1. HP: 19/19 MP: 0/0
    26 | D:1      | Found Piygaev's General Store.
   105 | D:1      | Reached XP level 2. HP: 27/27 MP: 1/1
   163 | D:1      | You fall into a shaft and drop 1 floor!
   288 | D:1      | Reached XP level 3. HP: 32/33 MP: 2/2
   532 | D:1      | Bought a scroll of teleportation for 39 gold pieces
   532 | D:1      | Bought a scroll of identify for 26 gold pieces
   753 | D:2      | Reached skill level 1 in Throwing
  1026 | D:2      | Reached skill level 1 in Evocations
  1702 | D:3      | Reached XP level 4. HP: 40/40 MP: 3/3
  1726 | D:3      | Found a faded altar of an unknown god.
  1883 | D:3      | Noticed a kobold brigand
  1893 | D:3      | Killed a kobold brigand
  1894 | D:3      | Reached XP level 5. HP: 25/46 MP: 4/4
  2650 | D:4      | Reached skill level 1 in Dodging
  3009 | D:4      | Noticed an ogre
  3016 | D:4      | Killed an ogre
  3017 | D:4      | Reached XP level 6. HP: 24/53 MP: 5/5
  3238 | D:4      | Found a staircase to the Ecumenical Temple.
  3285 | D:4      | Noticed a steam dragon
  3293 | D:4      | HP: 1/53 [steam dragon (4)]
  3294 | D:4      | Engulfed by a steam dragon's steam

Illustrated notes

Levels and vault maps discovered:
D:1:      evilmike_arrival_home_sweet_home, layout_loops_ring, serial_shops,
          nicolae_shop_statue_plus, st_stairs_1
D:2:      layout_loops_ring
D:3:      cheibrodos_thug_alley, layout_basic,
          dreamdust_ecumenical_altar_angels_and_demons, minmay_diced_spiral
D:4:      layout_basic, minmay_temple_entry_ruins, serial_co_window_serial,
          co_window_of_opportunity_a, co_window_paths_a, co_window_corner_a,
          co_window_paths_a, co_window_paths_a, co_window_broadway_a,
          co_window_broadway_a, co_window_corner_ca, co_window_broadway_a,
          co_window_2corner, co_window_2corner, uniq_grinder

Skill      XL: |  1  2  3  4  5 |
---------------+----------------+-----
Armour         | 4 |  4.6
Axes           | 3 4 |  4.8
Throwing       | 1 2 |  2.0
Evocations     | 1 2 |  2.2
Fighting       | 4 |  4.4
Shields        | 4 |  4.1
Dodging        | 1 |  1.1
Stealth        | |  0.5

Action                   |  1- 3 |  4- 6 || total
-------------------------+-------+-------++-------
Melee: War axe           |   127 |    86 ||   213
       Headbutt          |    14 |     6 ||    20
  Use: Scroll            |     2 |     1 ||     3
       Potion            |       |     2 ||     2
Armor: Scale mail        |    88 |    28 ||   116
       Chain mail        |       |     9 ||     9
Dodge: Dodged            |    73 |    44 ||   117
Block: Buckler           |    30 |    18 ||    48
